 Dungeon Crawl Stone Soup version 0.28.0-53-g5a82cb258f (webtiles) character file.

Game seed: 10026215418698621729

1281 Plasmagod the Destroyer (level 8, -7/41 HPs)
             Began as a Deep Elf Conjurer on July 23, 2022.
             Was an Initiate of Vehumet.
             Engulfed by a cloud of flame (20 damage)
             ... on level 7 of the Dungeon.
             The game lasted 00:19:35 (6271 turns).

Plasmagod the Destroyer (Deep Elf Conjurer)         Turns: 6271, Time: 00:19:36

Health: -7/41      AC:  8    Str:  4    XL:     8   Next: 29%
Magic:  0/21       EV: 13    Int: 26    God:    Vehumet [......]
Gold:   346        SH:  5    Dex: 13    Spells: 7/22 levels left

rFire   . . .      SeeInvis .   o - +7 staff of the Meek {protect, meekguard}
rCold   . . .      Faith    .   (shield currently unavailable)
rNeg    . . .      Spirit   .   a - +0 robe
rPois   .          Reflect  +   r - +2 helmet
rElec   .          Harm     .   (no cloak)
rCorr   .          Rampage  .   f - +1 pair of gloves
Will    .....                   z - +0 pair of boots
Stlth   +++.......              s - amulet of reflection
HPRegen 0.13/turn               (no ring)
MPRegen 0.17/turn               (no ring)

@: no status effects
A: no striking features
a: Renounce Religion


You were on level 7 of the Dungeon.
You worshipped Vehumet.
Vehumet was noncommittal.
You visited 2 branches of the dungeon, and saw 8 of its levels.

You collected 346 gold pieces.

Inventory:

Hand Weapons
 c - a +0 dagger of draining
 e - a +0 quarterstaff
 o - the +7 staff of the Meek (weapon) {protect, meekguard}
   (You found it on level 3 of the Dungeon)

   It grants its wielder temporary protection when it strikes (+7 to AC).
   It provides extra protection to wielders with little health.
 p - the +8 hand axe of Bohuitar {vorpal, rF+ rCorr}
   (You found it on level 3 of the Dungeon)

   It inflicts extra damage upon your enemies.
   rF:        It protects you from fire.
   rCorr:     It protects you from acid and corrosion.
Armour
 a - a +0 robe (worn)
 f - a +1 pair of gloves (worn)
 r - a +2 helmet (worn)
 z - a +0 pair of boots (worn)
Jewellery
 d - a ring of flight
 s - an amulet of reflection (around neck)
 u - a ring of wizardry
 x - a ring of willpower
Wands
 l - a wand of iceblast (10)
 B - a wand of flame (11)
Scrolls
 h - 4 scrolls of immolation
 i - a scroll of fear
 j - a scroll of identify
 m - 4 scrolls of teleportation
 t - 2 scrolls of fog
Potions
 b - a potion of berserk rage
 g - a potion of invisibility
 k - 3 potions of curing
 n - a potion of mutation {unknown}
 q - a potion of cancellation
 v - a potion of haste {unknown}
 w - a potion of heal wounds
 A - 2 potions of might


   Skills:
 + Level 1.0 Staves
 + Level 4.8 Dodging
 + Level 4.5 Stealth
 + Level 7.8 Spellcasting
 + Level 8.4 Conjurations
 * Level 2.1 Hexes
 + Level 0.5 Fire Magic


You had 7 spell levels left.
You knew the following spells:

 Your Spells              Type           Power      Damage    Failure   Level
a - Magic Dart            Conj           100%       1d8       1%          1
b - Searing Ray           Conj           100%       2d8       1%          2
c - Foxfire               Conj/Fire      100%       2x1d9     1%          1
d - Fulminant Prism       Conj/Hex       18%        3d11      7%          4
e - Iskenderun's Mystic   Conj/Tloc      32%        2d8       10%         4
f - Inner Flame           Hex/Fire       17%        N/A       10%         3

Your spell library contained the following spells:

 Spells                   Type           Power      Damage    Failure   Level
 Dazzling Flash           Conj/Hex       74%        N/A       1%          3
 Conjure Flame            Conj/Fire      33%        6-21      2%          3
 Mephitic Cloud           Conj/Pois/Air  24%        N/A       5%          3
 Call Imp                 Summ           10%        N/A       9%          2
 Flame Wave               Conj/Fire      33%        2d8       9%          4


Dungeon Overview and Level Annotations

Branches:
Dungeon (7/15)             Temple (1/1) D:5

Altars:
Ashenzari
Cheibriados
Elyvilon
Gozag
Hepliaklqana
Kikubaaqudgha
Makhleb
Nemelex Xobeh
Okawaru
Sif Muna
Trog
Uskayaw
Vehumet
Wu Jian
Xom
Zin
The Shining One
Beogh

Shops:
D:4 *

Annotations:
D:2 1 runed translucent door, Crazy Yiuf
D:4 2 runed translucent doors, crawlogic's ghost, novice BaFi


Message History

Aim: an orc warrior, wielding a +0 hand axe and wearing a +0 plate armour (heavily wounded, inner flame, 83% to hit)
The searing ray hits the orc warrior.
Flame seeps out of the orc warrior.
The orc warrior is severely wounded. (Press . to maintain the ray.)
The orc warrior is engulfed in blazing flames.
Flame seeps out of the orc warrior.
The searing ray hits the orc warrior but does no damage.
The orc warrior is severely wounded.
Unknown command.
Casting: Searing Ray (safe; 1% risk of failure)
Confirm with . or Enter, or press ? or * to list all spells.
The spell is quite dangerous to miscast (11% risk of failure)!
Continue anyway?
You erupt in a blast of force!
The mystic blast hits the orc warrior.
Flame seeps out of the orc warrior.
The orc warrior is almost dead.
The orc warrior is knocked back by the mystic blast.
The orc warrior collides with the orc!
You kill the orc!
Vehumet accepts your kill.
You hear a shout!
Aiming: Magic Dart (safe; 1% risk of failure)
Press: ? - help, Q - select action, (/) - cycle Shift-Dir - straight line, f/p - orc warrior
Aim: an orc warrior, wielding a +0 hand axe and wearing a +0 plate armour (almost dead, inner flame, 100% to hit)
The magic dart hits the orc warrior but does no damage.
The orc warrior is almost dead.
Aiming: Magic Dart (safe; 1% risk of failure)
Press: ? - help, Q - select action, (/) - cycle Shift-Dir - straight line, f/p - orc warrior
Aim: an orc warrior, wielding a +0 hand axe and wearing a +0 plate armour (almost dead, inner flame, 100% to hit)
The magic dart hits the orc warrior but does no damage.
The orc warrior is almost dead.
Casting: Magic Dart (safe; 1% risk of failure)
Confirm with . or Enter, or press ? or * to list all spells.
The spell is quite dangerous to miscast (10% risk of failure)!
Continue anyway?
You erupt in a blast of force!
The mystic blast hits the orc warrior.
Vehumet accepts your kill.
The orc warrior explodes!
The fiery explosion engulfs you!!
Ouch! That really hurt!
You are engulfed in blazing flames.
You die...

...........(.
......####............
.... ...............#
..... ..............#
..... #.............#
#...|o#.....#.#.....#
#....#>...#..#.....#
#.§§....#........#
#.§)@..)#..##....#
#..####...........# #.
###..##.....#
##.....##.# ##..[....#
##......# #.<....# .
+......###.
#.....#....


You could see an orc.

Vanquished Creatures
  A black bear (D:5)
  An orc warrior (D:7)
  An ogre (D:4)
  A centaur (D:4)
  A necrophage (D:4)
  2 scorpions (D:5)
  2 water moccasin skeletons (D:4)
  An electric eel (D:6)
  A bullfrog zombie (D:5)
  A centaur zombie (D:5)
  4 jellies
  2 centaur skeletons
  An orc priest (D:3)
  3 hounds
  A bullfrog skeleton (D:5)
  Jessica (D:2)
  3 iguanas
  An orc wizard (D:6)
  4 gnolls (D:4)
  4 adders
  A white imp (D:7)
  An adder skeleton (D:4)
  2 worms
  A dart slug (D:3)
  10 orcs
  7 ball pythons
  3 bats
  8 endoplasms
  3 giant cockroaches
  9 goblins
  4 hobgoblins
  3 quokkas
  2 frilled lizards
  7 kobolds
  3 rats
100 creatures vanquished.

Vanquished Creatures (others)
  15 foxfires
  4 fulminant prisms
19 creatures vanquished.

Grand Total: 119 creatures vanquished

Notes
Turn   | Place    | Note
-------+----------+-------------------------------------------
     0 | D:1      | Plasmagod the Deep Elf Conjurer began the quest for the
                  | Orb.
     0 | D:1      | Reached XP level 1. HP: 10/10 MP: 6/6
   191 | D:1      | Reached XP level 2. HP: 15/15 MP: 6/8
   194 | D:1      | Learned a level 2 spell: Searing Ray
   263 | D:1      | You fall into a shaft and drop 1 floor!
   325 | D:1      | Reached skill level 5 in Conjurations
   450 | D:1      | Learned a level 1 spell: Foxfire
   815 | D:2      | Reached XP level 3. HP: 19/19 MP: 1/9
   928 | D:2      | Noticed Jessica
   933 | D:2      | Killed Jessica
  1154 | D:2      | Found a runed translucent door.
  1155 | D:2      | Noticed Crazy Yiuf
  1460 | D:2      | Found a faded altar of an unknown god.
  1558 | D:3      | Reached XP level 4. HP: 20/24 MP: 5/11
  1745 | D:3      | Reached skill level 6 in Conjurations
  1873 | D:3      | Reached XP level 5. HP: 28/28 MP: 6/13
  1924 | D:3      | Found the +7 staff of the Meek {protect, meekguard}
  2001 | D:3      | Identified the +8 hand axe of Bohuitar {vorpal, rF+ rCorr}
  2720 | D:4      | Noticed an ogre
  2726 | D:4      | Killed an ogre
  2727 | D:4      | Reached XP level 6. HP: 32/32 MP: 6/15
  2880 | D:4      | Reached skill level 5 in Spellcasting
  2991 | D:4      | Reached skill level 7 in Conjurations
  3376 | D:4      | Reached XP level 7. HP: 36/36 MP: 8/18
  3436 | D:4      | Found Ufunucus's Assorted Antiques.
  3815 | D:4      | Found a large runed translucent door.
  3815 | D:4      | Found a large runed translucent door.
  3816 | D:4      | Noticed crawlogic's ghost (novice BaFi)
  3896 | D:4      | Learned a level 4 spell: Fulminant Prism
  3897 | D:5      | Entered Level 5 of the Dungeon
  4133 | D:5      | Found an ornate altar of the Wu Jian Council.
  4183 | D:5      | Reached skill level 8 in Conjurations
  4183 | D:5      | Reached skill level 1 in Hexes
  4413 | D:5      | Found a staircase to the Ecumenical Temple.
  4429 | D:5      | Reached XP level 8. HP: 41/41 MP: 9/21
  4442 | Temple   | Entered the Ecumenical Temple
  4509 | Temple   | Became a worshipper of Vehumet
  5007 | D:5      | Learned a level 4 spell: Iskenderun's Mystic Blast
  5011 | D:5      | Learned a level 3 spell: Inner Flame
  5526 | D:6      | Reached skill level 1 in Staves
  5778 | D:6      | Noticed a gargoyle
  6271 | D:7      | Engulfed by a cloud of flame

Illustrated notes

Levels and vault maps discovered:
D:1:      mrwooster_arrival_statue_2, layout_loops_ring
D:2:      layout_rooms, ebering_ecumenical_altar_mist, minmay_liquid_box,
          uniq_crazy_yiuf_cottage, uniq_jessica
D:3:      kennysheep_big_flooded_room, layout_loops_ring, pf_guarded_unrand_meek
D:4:      layout_loops_ring, ebering_ghost_disaster_area, serial_shops, shop
D:5:      layout_loops_ring, nzn_wu_jian_contemplation,
          minmay_temple_entry_butterflies
D:6:      layout_layer_cave, minivault_14, lightli_corner_chamber
D:7:      layout_cave_pools, gammafunk_temple_overflow_claw,
          mainiacjoe_overflow_divided_tiny, corexii_checkpoint_a,
          nicolae_sextant
Temple:   lightli_temple_of_artemis

Skill      XL: |  1  2  3  4  5  6  7  8 |
---------------+-------------------------+-----
Conjurations   | 5 6 7 8 |  8.4
Spellcasting   | 4 6 7 |  7.8
Dodging        | 3 4 |  4.8
Stealth        | 3 4 |  4.5
Hexes          | 1 2 |  2.1
Staves         | 1 |  1.0
Fire Magic     | |  0.5

Action                   |  1- 3 |  4- 6 |  7- 9 || total
-------------------------+-------+-------+-------++-------
Melee: Quarterstaff      |     3 |     3 |     3 ||     9
 Cast: Magic Dart        |    35 |    54 |    46 ||   135
       Searing Ray       |     4 |    11 |    15 ||    30
       Foxfire           |     6 |     2 |       ||     8
       Fulminant Prism   |       |       |     4 ||     4
       Iskenderun's Myst |       |       |     2 ||     2
       Inner Flame       |       |       |     2 ||     2
  Use: Scroll            |       |       |    14 ||    14
Armor: Robe              |       |     5 |     6 ||    11
Dodge: Dodged            |     6 |     9 |     9 ||    24
Block: Other             |       |       |     4 ||     4
